[Event "Titled Tuesday Blitz November 08 Early 2022"]
[White "Deac, Bogdan-Daniel"]
[Black "Pakleza, Zbigniew"]
[WhiteFideId "1226380"]
[BlackFideId "1119290"]
[WhiteElo "2648"]
[BlackElo "2411"]
[Result "0-1"]
[Round "06"]
[TimeControl "180+1"]
[Date "2022.11.08"]
[WhiteClock "0:00:06"]
[BlackClock "0:00:04"]

1. Nf3 d5 2. e3 Nf6 3. c4 c6 4. Nc3 Bg4 5. cxd5 Bxf3 6. gxf3 cxd5 7. Qb3 Qd7 8. d4 Nc6 9. Bd2 e6 10. Rc1 Bd6 11. f4 g6 12. Qd1 O-O 13. Bd3 Rfc8 14. O-O Ne7 15. f3 Bc7 16. Be1 Nf5 17. Qe2 Bb6 18. Kh1 a6 19. a3 Rc7 20. Bf2 Rac8 21. Rcd1 Nh5 22. Rg1 Kf8 23. Rg5 Ba5 24. Be1 b5 25. Qf2 Bb6 26. Bxf5 exf5 27. Rxh5 gxh5 28. Qh4 Qe6 29. Bf2 Rxc3 30. bxc3 Rxc3 31. Qxh5 Rc2 32. Rf1 Qg6 33. Qh4 Ke8 34. Rg1 Qe6 35. Rg8+ Kd7 36. Rg7 h6 37. Kg1 Bd8 38. Qh5 Ke8 39. Rg8+ Kd7 40. Rf8 Ke7 41. Rg8 Kd7 42. Rg7 Ke8 43. Kf1 Bf6 44. Rg8+ Kd7 45. Qxh6 a5 46. Qf8 Qc6 47. Qxf7+ Be7 48. Qe8+ Kc7 49. Qxe7+ Kb6 50. Rb8+ Ka6 51. Qe5 b4 52. axb4 Rc1+ 53. Kg2 Qg6+ 54. Bg3 Rc2+ 55. Kg1 axb4 56. Ra8+ Kb5 57. Rb8+ Kc4 58. Qc7+ Kd3 59. Rb7 Rxc7 60. Rxc7 b3 61. Rb7 Kc2 62. Rc7+ Kb2 63. Rb7 Qc6 64. Rb8 Qc2 65. h4 Kc1 66. h5 b2 67. h6 b1=Q 68. Rxb1+ Qxb1 69. Bh4 Qb7 70. Bf6 Qf7 71. Bg7 Qh5 72. Kf2 Kd2 73. Bf8 Qh2+ 74. Kf1 Kxe3 0-1


[Site "https://www.chess.com"]

[Event "Titled Tuesday Blitz November 08 Early 2022"]
[White "Degenbaev, Aziz"]
[Black "Vlassov, Nikolai"]
[WhiteFideId "13802640"]
[BlackFideId "4103360"]
[WhiteElo "2039"]
[BlackElo "2324"]
[Result "0-1"]
[Round "06"]
[TimeControl "180+1"]
[Date "2022.11.09"]
[WhiteClock "0:00:02"]
[BlackClock "0:00:07"]

1. c4 e5 2. Nc3 Nf6 3. Nf3 Nc6 4. e4 Bb4 5. d3 d6 6. a3 Bxc3+ 7. bxc3 O-O 8. g3 h6 9. Bg2 Bg4 10. O-O Qd7 11. Re1 a6 12. Rb1 Rab8 13. d4 Rfe8 14. d5 Nd8 15. Qd3 b6 16. c5 dxc5 17. Qxa6 Bxf3 18. Bxf3 Nb7 19. Bg2 Nd6 20. Qd3 Ra8 21. f4 exf4 22. Bxf4 g5 23. e5 gxf4 24. exf6 Qg4 25. gxf4 Rxa3 26. Re7 Qxf4 27. Rbe1 Rea8 28. Rf1 Ra1 29. Rxc7 Qxf6 30. Rc6 Rxf1+ 31. Bxf1 Kh8 32. Rxb6 Rg8+ 33. Bg2 Qg5 34. Qf3 Nf5 35. h3 Nh4 36. Qf6+ Qxf6 37. Rxf6 Rxg2+ 38. Kf1 Rg6 39. Rxf7 Kg8 40. Rf4 Ng2 41. Rf3 h5 42. c4 h4 43. Kf2 Rg5 44. d6 Rg7 45. d7 Rxd7 46. Kxg2 Rd4 47. Rc3 Kf7 48. Rc2 Ke6 49. Re2+ Kf5 50. Kf3 Rxc4 51. Re8 Rc3+ 52. Kg2 Kf4 53. Rf8+ Ke5 54. Re8+ Kd5 55. Rh8 Rc4 56. Rh5+ Kc6 57. Kf3 Kb5 58. Rh8 Rd4 59. Rb8+ Ka4 60. Ra8+ Kb4 61. Rb8+ Kc3 62. Rc8 c4 63. Rc7 Kd3 64. Rg7 c3 0-1


[Site "https://www.chess.com"]

[Event "Titled Tuesday Blitz November 08 Early 2022"]
[White "Dominguez Perez, Leinier"]
[Black "Dehtiarov, Roman"]
[WhiteFideId "3503240"]
[BlackFideId "14186640"]
[WhiteElo "2647"]
[BlackElo "2200"]
[Result "1-0"]
[Round "06"]
[TimeControl "180+1"]
[Date "2022.11.09"]
[WhiteClock "0:00:31"]
[BlackClock "0:00:03"]

1. e4 e5 2. Nf3 Nc6 3. Bc4 Nf6 4. d3 Bc5 5. O-O O-O 6. h3 d6 7. c3 a6 8. a4 Be6 9. Bxe6 fxe6 10. b4 Ba7 11. Nbd2 Qe7 12. Re1 Nh5 13. Nf1 Nf4 14. Be3 Bxe3 15. fxe3 Ng6 16. Ra2 d5 17. Ng3 d4 18. exd4 exd4 19. Nxd4 Nxd4 20. cxd4 Qxb4 21. Ne2 Qd6 22. Qb3 b6 23. Rc2 Kh8 24. Rec1 Nf4 25. Nxf4 Qxd4+ 26. Kh2 Rxf4 27. Rxc7 Qe5 28. Kh1 Raf8 29. Rc8 b5 30. axb5 axb5 31. Qb4 Kg8 32. Kg1 Rf1+ 33. Rxf1 Rxc8 34. Rb1 Qc5+ 35. Qxc5 Rxc5 36. Kf2 e5 37. Ke3 Kf7 38. g4 Ke6 39. g5 Ke7 40. h4 Ke6 41. h5 Ke7 42. Rb2 Ke6 43. Ra2 Kd6 44. Ra8 Rc7 45. Rb8 Kc6 46. d4 exd4+ 47. Kxd4 Rd7+ 48. Ke5 Re7+ 49. Kf5 Rf7+ 50. Ke6 Rb7 51. Rxb7 Kxb7 52. Kf7 b4 53. e5 b3 54. e6 b2 55. e7 b1=Q 56. e8=Q Qf5+ 57. Kxg7 Qxg5+ 58. Kxh7 Qf5+ 59. Qg6 Qf4 60. h6 Kc8 61. Kh8 1-0


[Site "https://www.chess.com"]

[Event "Titled Tuesday Blitz November 08 Early 2022"]
[White "Donchenko, Alexander"]
[Black "Lopez Martinez, Josep Manuel"]
[WhiteFideId "24603295"]
[BlackFideId "2212943"]
[WhiteElo "2876"]
[BlackElo "2595"]
[Result "1-0"]
[Round "06"]
[TimeControl "180+1"]
[Date "2022.11.09"]
[WhiteClock "0:01:08"]
[BlackClock "0:00:15"]

1. d4 d5 2. c4 e6 3. Nf3 h6 4. g3 dxc4 5. Bg2 Nd7 6. O-O Nb6 7. Nbd2 Bd7 8. Ne5 Rb8 9. Ndxc4 Nxc4 10. Nxc4 Nf6 11. Bf4 Bb5 12. Rc1 Bxc4 13. Rxc4 Bd6 14. Qa4+ c6 15. Bxd6 Qxd6 16. Qxa7 O-O 17. Qc5 Qd8 18. e3 Re8 19. Rfc1 Re7 20. R4c2 Rd7 21. b4 Nd5 22. b5 b6 23. Qc4 cxb5 24. Qxb5 Ra8 25. h4 Kh7 26. Be4+ f5 27. Bxd5 Rxd5 28. Qb3 f4 29. exf4 b5 30. Qe3 Qf6 31. Rc6 Rxa2 32. Rxe6 Qxd4 33. Qxd4 Rxd4 34. Re7 Rc4 35. Rxc4 bxc4 36. Rc7 Rc2 37. h5 Kg8 38. Kg2 c3 39. Kf3 Rc1 40. Ke2 Kf8 41. Kd3 Rf1 42. Ke3 Re1+ 43. Kf3 Rc1 44. Kg4 Rf1 45. Rxc3 Rxf2 46. Kf5 Rd2 47. Kg6 Rd6+ 48. Kh7 Rd7 49. Rc5 Kf7 50. Rf5+ Ke6 51. Kg6 Rd3 52. g4 Rg3 53. g5 hxg5 54. Re5+ Kd6 55. Rxg5 Rf3 56. Kxg7 Rxf4 57. h6 Ke6 58. h7 Rf7+ 59. Kh6 Rf8 60. Rg8 Rf6+ 61. Rg6 1-0


[Site "https://www.chess.com"]

[Event "Titled Tuesday Blitz November 08 Early 2022"]
[White "Donskov, Anatoly"]
[Black "Barbashin, Igor"]
[WhiteFideId "24143413"]
[BlackFideId "4155718"]
[WhiteElo "2219"]
[BlackElo "2138"]
[Result "1-0"]
[Round "06"]
[TimeControl "180+1"]
[Date "2022.11.09"]
[WhiteClock "0:00:17"]
[BlackClock "0:00:05"]

1. e4 d5 2. exd5 Nf6 3. Bb5+ Nbd7 4. Nc3 g6 5. Nf3 Bg7 6. d4 O-O 7. O-O Nb6 8. h3 a6 9. Bd3 Nbxd5 10. Nxd5 Qxd5 11. Re1 e6 12. c4 Qd6 13. Be3 b6 14. Qe2 Bb7 15. Rad1 a5 16. Ne5 Rad8 17. b3 Nd7 18. Nf3 Qe7 19. Bb1 Qb4 20. Bf4 Rc8 21. h4 Nf6 22. Be5 Rfd8 23. Qb2 Nh5 24. Bxg7 Nxg7 25. Ne5 Qe7 26. g3 Nf5 27. d5 exd5 28. Ng4 Qc5 29. Nf6+ Kg7 30. Nd7+ 1-0


[Site "https://www.chess.com"]

[Event "Titled Tuesday Blitz November 08 Early 2022"]
[White "Durarbayli, Vasif"]
[Black "Svane, Rasmus"]
[WhiteFideId "13402935"]
[BlackFideId "4657101"]
[WhiteElo "2586"]
[BlackElo "2674"]
[Result "0-1"]
[Round "06"]
[TimeControl "180+1"]
[Date "2022.11.08"]
[WhiteClock "0:00:18"]
[BlackClock "0:01:22"]

1. e4 c6 2. d4 d5 3. e5 Bf5 4. Nf3 e6 5. Be2 Ne7 6. O-O Ng6 7. c3 Nd7 8. a4 f6 9. exf6 Qxf6 10. Bg5 Qf7 11. Nbd2 Bd6 12. a5 O-O 13. a6 b6 14. c4 Nf6 15. Rc1 Rac8 16. Re1 Ne4 17. Be3 Nf4 18. Bf1 Qg6 19. Nxe4 Bxe4 20. Bxf4 Rxf4 21. Ne5 Bxe5 22. dxe5 Rcf8 23. cxd5 Bxg2 24. Bxg2 Rxf2 0-1


[Site "https://www.chess.com"]

[Event "Titled Tuesday Blitz November 08 Early 2022"]
[White "Estrada Nieto, Julian"]
[Black "Fawzy, Adham"]
[WhiteFideId "5101018"]
[BlackFideId "10613129"]
[WhiteElo "2221"]
[BlackElo "2541"]
[Result "0-1"]
[Round "06"]
[TimeControl "180+1"]
[Date "2022.11.09"]
[WhiteClock "0:00:05"]
[BlackClock "0:00:07"]

1. e4 c5 2. Nf3 d6 3. Bb5+ Nd7 4. d4 cxd4 5. Qxd4 a6 6. Bxd7+ Bxd7 7. Nc3 Nf6 8. Bg5 e6 9. O-O-O Be7 10. e5 dxe5 11. Nxe5 Bc6 12. Nxc6 bxc6 13. Bxf6 Bxf6 14. Qc5 Qc7 15. Ne4 Be7 16. Nd6+ Bxd6 17. Rxd6 O-O 18. Rhd1 Rab8 19. Rxc6 Qxh2 20. Qg5 h6 21. Qg4 Qe5 22. Rc3 Rxb2 23. Kxb2 Rb8+ 24. Kc1 Qxc3 25. Qd4 Qa3+ 26. Kd2 Qxa2 27. Rc1 Qa5+ 28. Ke2 Rd8 29. Qe3 Qd5 30. Kf1 Qc4+ 31. Kg1 a5 32. Qb6 Rd5 33. Qb8+ Kh7 34. Qb7 Qe4 35. Qxf7 Rf5 36. Qd7 Rg5 37. g3 Rh5 0-1


[Site "https://www.chess.com"]

[Event "Titled Tuesday Blitz November 08 Early 2022"]
[White "Fajdetic, Hrvoje"]
[Black "Aqib Javaid Butt"]
[WhiteFideId "14501945"]
[BlackFideId "7801262"]
[WhiteElo "2172"]
[BlackElo "1659"]
[Result "1-0"]
[Round "06"]
[TimeControl "180+1"]
[Date "2022.11.09"]
[WhiteClock "0:01:29"]
[BlackClock "0:00:14"]

1. b3 d5 2. Bb2 Nf6 3. g3 c6 4. Bg2 Bf5 5. d3 Bg6 6. Nd2 e6 7. e4 Be7 8. Ne2 O-O 9. h3 Nbd7 10. O-O a5 11. Kh2 a4 12. e5 Ne8 13. f4 f6 14. d4 c5 15. c3 Qb6 16. g4 fxe5 17. fxe5 c4 18. b4 Nc7 19. Nf4 Bd3 20. Nxd3 cxd3 21. Rxf8+ Rxf8 22. a3 Bh4 23. Nf3 Be7 24. Qxd3 Nb5 25. Rf1 Qc6 26. Nd2 Nb6 27. Rxf8+ Bxf8 28. Bf1 Nc7 29. c4 dxc4 30. Nxc4 Nxc4 31. Qxc4 Qf3 32. Qe2 Qf4+ 33. Kh1 Nd5 34. Bg2 Ne3 35. Bc1 Nxg2 36. Bxf4 Nxf4 37. Qe4 Nxh3 38. Kg2 Ng5 39. Qxb7 1-0


[Site "https://www.chess.com"]

[Event "Titled Tuesday Blitz November 08 Early 2022"]
[White "Farmani Anosheh, Armin"]
[Black "Belozerov, Andrei"]
[WhiteFideId "24613240"]
[BlackFideId "4120213"]
[WhiteElo "2289"]
[BlackElo "2360"]
[Result "0-1"]
[Round "06"]
[TimeControl "180+1"]
[Date "2022.11.09"]
[WhiteClock "0:00:19"]
[BlackClock "0:01:03"]

1. e4 c6 2. d4 d5 3. e5 Bf5 4. h4 h5 5. Bd3 Bxd3 6. Qxd3 Qa5+ 7. Nd2 e6 8. Nf3 Nh6 9. O-O Nf5 10. c4 Be7 11. b3 Nxh4 12. Nxh4 Bxh4 13. Nf3 Be7 14. a4 Na6 15. Bg5 Qd8 16. Bxe7 Qxe7 17. a5 h4 18. cxd5 Nb4 19. Qc4 exd5 20. Qe2 h3 21. g3 Qe6 22. Kh2 Qg4 23. Rfe1 Nc2 24. Qxc2 Qxf3 25. a6 Qg2# 0-1


[Site "https://www.chess.com"]

[Event "Titled Tuesday Blitz November 08 Early 2022"]
[White "Fernandez De La Vara, Arnaldo"]
[Black "Salman, Pavel"]
[WhiteFideId "3518388"]
[BlackFideId "24153753"]
[WhiteElo "2387"]
[BlackElo "2187"]
[Result "1-0"]
[Round "06"]
[TimeControl "180+1"]
[Date "2022.11.09"]
[WhiteClock "0:00:06"]
[BlackClock "0:00:05"]

1. Nf3 c5 2. c4 Nf6 3. b3 b6 4. Bb2 Bb7 5. g3 e6 6. Bg2 Be7 7. O-O O-O 8. Nc3 a6 9. d4 cxd4 10. Qxd4 d6 11. Qf4 Nbd7 12. g4 Qb8 13. g5 Nh5 14. Qg4 g6 15. Rad1 Rd8 16. Qd4 Bf8 17. Qg4 Ra7 18. Rd2 Ne5 19. Nxe5 dxe5 20. Rfd1 Rxd2 21. Rxd2 Bxg2 22. Qxg2 Nf4 23. Qf3 Bb4 24. a3 Bxc3 25. Qxc3 Rd7 26. Kf1 Rxd2 27. Qxd2 h6 28. h4 Qc7 29. f3 hxg5 30. hxg5 b5 31. Qe3 bxc4 32. Bxe5 Nd5 33. Qd4 Qb6 34. bxc4 Qxd4 35. Bxd4 Ne7 36. Bf6 Nc6 37. Ke1 Kf8 38. Kd2 Ke8 39. Kc3 Kd7 40. c5 Na7 41. Kb4 Kc6 42. a4 Nc8 43. Kc4 Na7 44. Bd8 Nc8 45. Kd4 Kd7 46. Bb6 Ne7 47. Ke5 Nd5 48. e4 Nc3 49. a5 Ke7 50. c6 Nb5 51. Bc5+ Kd8 52. Bd6 Na7 53. Kf6 Nxc6 54. Kxf7 Nxa5 55. Kxg6 Nc4 56. Bc5 Kd7 57. Kf7 Ne5+ 58. Kf8 Nxf3 59. g6 Ne5 60. g7 Ng6+ 61. Kf7 Ne5+ 62. Kf6 Ng4+ 63. Kg5 Ne5 64. g8=Q Nd3 65. Qg7+ Kc6 66. Bd4 a5 67. Qf6 Nc5 68. Bxc5 Kb5 69. Qxe6 a4 70. Bf8 a3 71. Qb3+ Kc6 72. Qc4+ 1-0


[Site "https://www.chess.com"]

[Event "Titled Tuesday Blitz November 08 Early 2022"]
[White "Fernandez Hernandez, Gerardo"]
[Black "Joubert, Dantelle"]
[WhiteFideId "2207400"]
[BlackFideId "14310813"]
[WhiteElo "2228"]
[BlackElo "1507"]
[Result "1-0"]
[Round "06"]
[TimeControl "180+1"]
[Date "2022.11.09"]
[WhiteClock "0:01:21"]
[BlackClock "0:00:24"]

1. e4 e5 2. Nf3 Nc6 3. Bc4 Bc5 4. b4 Bxb4 5. c3 Be7 6. d4 Na5 7. Be2 d6 8. O-O Nf6 9. Nbd2 O-O 10. dxe5 dxe5 11. Nxe5 Be6 12. Qa4 b6 13. Nb3 Nxb3 14. axb3 Qe8 15. Bb5 Qc8 16. Bc6 Rb8 17. Bb5 Bd6 18. Nc6 Bxh2+ 19. Kxh2 Ng4+ 20. Kg1 Ra8 21. Ne7+ 1-0


[Site "https://www.chess.com"]

[Event "Titled Tuesday Blitz November 08 Early 2022"]
[White "Firat, Burak"]
[Black "Pranav, V"]
[WhiteFideId "6305881"]
[BlackFideId "25060783"]
[WhiteElo "2392"]
[BlackElo "2430"]
[Result "0-1"]
[Round "06"]
[TimeControl "180+1"]
[Date "2022.11.09"]
[WhiteClock "0:00:15"]
[BlackClock "0:00:51"]

1. Nf3 d5 2. d4 Nf6 3. c4 e6 4. Nc3 Be7 5. Bf4 O-O 6. e3 b6 7. Rc1 Bb7 8. a3 a6 9. cxd5 exd5 10. Bd3 Nbd7 11. Ne5 c5 12. O-O Re8 13. Nxd7 Nxd7 14. dxc5 Nxc5 15. Bb1 Bf6 16. Qg4 g6 17. Rfd1 h5 18. Qg3 d4 19. exd4 Bh4 20. Qh3 Nb3 21. Rc2 Qxd4 22. Be3 Qf6 23. Ba2 Nc5 24. Rcd2 Rad8 25. Nd5 Bxd5 26. Bxd5 Bg5 27. Bxg5 Qxg5 28. Qf3 Qxd2 29. Qxf7+ Kh8 30. Qf6+ Kh7 0-1


[Site "https://www.chess.com"]

[Event "Titled Tuesday Blitz November 08 Early 2022"]
[White "Firouzja, Alireza"]
[Black "Kamsky, Gata"]
[WhiteFideId "12573981"]
[BlackFideId "2000024"]
[WhiteElo "2903"]
[BlackElo "2666"]
[Result "1-0"]
[Round "06"]
[TimeControl "180+1"]
[Date "2022.11.08"]
[WhiteClock "0:00:36"]
[BlackClock "0:00:34"]

1. e4 e5 2. Nf3 Nc6 3. Bb5 a6 4. Ba4 Nf6 5. O-O Be7 6. Re1 b5 7. Bb3 d6 8. c3 O-O 9. h3 Nb8 10. d4 Nbd7 11. Nbd2 Bb7 12. Bc2 Re8 13. Nf1 Bf8 14. Ng3 g6 15. Bg5 Bg7 16. Qd2 Qe7 17. a4 c6 18. Rad1 Qf8 19. Nh4 h6 20. Be3 d5 21. axb5 axb5 22. Bb3 exd4 23. Bxd4 c5 24. Bxf6 Nxf6 25. e5 Nd7 26. Bxd5 Bxd5 27. Nxg6 fxg6 28. Qxd5+ Kh8 29. Qxd7 Rxe5 30. Rxe5 Bxe5 31. Qxb5 Rb8 32. Qe2 Qf4 33. Re1 Bg7 34. Qc2 Qf7 35. Ne4 Qf5 36. Qd2 g5 37. Nd6 Qg6 38. Nc4 Qf7 39. Qe2 Qf4 40. Qd3 Rf8 41. Re2 Qc1+ 42. Kh2 Qf4+ 43. g3 Qf7 44. Kg2 Rb8 45. Qe4 Kg8 46. Nd6 Qf6 47. Nf5 1-0


[Site "https://www.chess.com"]

[Event "Titled Tuesday Blitz November 08 Early 2022"]
[White "Gabdrakhmanov, Azat"]
[Black "Shimanov, Aleksandr"]
[WhiteFideId "34189197"]
[BlackFideId "4198603"]
[WhiteElo "2254"]
[BlackElo "2605"]
[Result "0-1"]
[Round "06"]
[TimeControl "180+1"]
[Date "2022.11.09"]
[WhiteClock "0:00:07"]
[BlackClock "0:00:04"]

1. e4 d5 2. exd5 Qxd5 3. Nc3 Qe5+ 4. Nge2 Nf6 5. d4 Qa5 6. Bd2 c6 7. Ne4 Qb6 8. Nxf6+ exf6 9. Bc3 Bd6 10. Qd2 O-O 11. O-O-O Be6 12. Kb1 Qc7 13. Ng3 Nd7 14. Bd3 b5 15. Qe2 Rfe8 16. Qf3 Bd5 17. Be4 Nb6 18. Rhe1 Bxg3 19. hxg3 Bxe4 20. Rxe4 Nd5 21. Bd2 Qd7 22. Rde1 Re6 23. Rxe6 fxe6 24. Qe4 Re8 25. Rh1 g6 26. g4 Nb6 27. g5 f5 28. Qd3 e5 29. Bc3 e4 30. Qh3 Nd5 31. Bd2 Qf7 32. g3 b4 33. Qf1 a5 34. Qa6 Qc7 35. Qc4 Qb7 36. Qc5 Rd8 37. Ka1 Qb5 38. Qxb5 cxb5 39. Be3 Rc8 40. Kb1 a4 41. Kc1 a3 42. Kb1 Ra8 43. Bd2 Ra7 44. Rd1 Kf7 45. c3 bxc3 46. bxc3 Ke6 47. Kc2 Nb6 48. Kb3 Nc4 49. Bc1 Kd5 50. Kb4 Ra5 51. Rh1 Ra7 52. Kb3 Re7 53. Rd1 Rc7 54. Rh1 Ra7 55. Kb4 Kc6 56. Kb3 Nb6 57. Rd1 Nd5 58. Bxa3 Rf7 59. Bb4 f4 60. a4 bxa4+ 61. Kxa4 e3 62. fxe3 Nxe3 63. Rg1 f3 64. c4 f2 65. d5+ Kd7 66. Ra1 Nxc4 67. Kb5 f1=Q 68. Ra7+ Kc8 69. Kc6 Rxa7 0-1


[Site "https://www.chess.com"]

[Event "Titled Tuesday Blitz November 08 Early 2022"]
[White "Gabrielian, Artur"]
[Black "Biastoch, Bennet"]
[WhiteFideId "4131002"]
[BlackFideId "12939889"]
[WhiteElo "2787"]
[BlackElo "2537"]
[Result "0-1"]
[Round "06"]
[TimeControl "180+1"]
[Date "2022.11.09"]
[WhiteClock "0:00:31"]
[BlackClock "0:00:38"]

1. e4 c5 2. Nf3 d6 3. d4 cxd4 4. Nxd4 Nf6 5. Nc3 a6 6. Bd3 e5 7. Nde2 Be7 8. O-O Nc6 9. Ng3 h5 10. Nd5 h4 11. Nxf6+ Bxf6 12. Nh5 g6 13. Nxf6+ Qxf6 14. h3 Be6 15. c3 O-O-O 16. f4 exf4 17. Bxf4 Qe7 18. Qd2 f6 19. Qf2 g5 20. Be3 Ne5 21. Be2 Rdf8 22. Rad1 g4 23. hxg4 h3 24. g3 h2+ 25. Kh1 Nxg4 26. Qf4 Nxe3 27. Qxe3 f5 28. e5 Bd7 29. Rxd6 Re8 30. Bf3 Qxd6 31. Qa7 Qb8 32. Qb6 Qc7 33. Qa7 Bc6 0-1


[Site "https://www.chess.com"]

[Event "Titled Tuesday Blitz November 08 Early 2022"]
[White "Galchenko, Matvey"]
[Black "Mouhamad, Joachim"]
[WhiteFideId "24175480"]
[BlackFideId "656410"]
[WhiteElo "2403"]
[BlackElo "2164"]
[Result "1-0"]
[Round "06"]
[TimeControl "180+1"]
[Date "2022.11.08"]
[WhiteClock "0:02:26"]
[BlackClock "0:00:28"]

1. f4 c5 2. Nf3 d5 3. g3 Nc6 4. Bg2 Nf6 5. O-O g6 6. d3 Bg7 7. Nc3 d4 8. Na4 Qd6 9. c4 O-O 10. a3 Bg4 11. Rb1 Rad8 12. b4 cxb4 13. axb4 b6 14. b5 Bxf3 15. Bxf3 Nb8 16. Ra1 e5 17. Ba3 Qc7 18. Bxf8 Bxf8 19. fxe5 Qxe5 20. Nb2 Rd7 21. Qd2 h5 22. Qf4 Qxf4 23. gxf4 Bd6 24. Nd1 Re7 25. Nf2 Bxf4 26. Ne4 Be3+ 27. Kh1 Nxe4 28. Bxe4 Rc7 29. Bd5 Kg7 30. Ra2 f5 31. Rfa1 Nd7 32. Rxa7 1-0


[Site "https://www.chess.com"]

[Event "Titled Tuesday Blitz November 08 Early 2022"]
[White "Garcia Ramos, Daniel"]
[Black "Kaasen, Tor Fredrik"]
[WhiteFideId "32010311"]
[BlackFideId "1516647"]
[WhiteElo "2357"]
[BlackElo "2345"]
[Result "0-1"]
[Round "06"]
[TimeControl "180+1"]
[Date "2022.11.09"]
[WhiteClock "0:00:01"]
[BlackClock "0:00:58"]

1. e4 e5 2. Nf3 Nc6 3. Bc4 Nf6 4. d3 Bc5 5. c3 d6 6. h3 a5 7. Nbd2 Be6 8. Bb5 O-O 9. Nf1 Ne7 10. Ng3 c6 11. Ba4 Ng6 12. O-O d5 13. Nxe5 Nxe5 14. d4 Ned7 15. dxc5 Nxc5 16. e5 Nfe4 17. Nxe4 dxe4 18. Bc2 Nd3 19. Be3 Nxb2 20. Qb1 Nc4 21. Bxe4 Nxe3 22. fxe3 Qg5 23. Rf4 g6 24. Qxb7 Qxe5 25. Qxc6 Rac8 26. Qb6 g5 27. Bxh7+ Kxh7 28. Rf3 Bd5 29. Rf2 Rxc3 30. Raf1 Rc6 31. Qxa5 Qe4 32. Kh2 g4 33. Rf5 Qxg2# 0-1


[Site "https://www.chess.com"]

[Event "Titled Tuesday Blitz November 08 Early 2022"]
[White "Gareyev, Timur"]
[Black "Adewumi, Tanitoluwa"]
[WhiteFideId "14200937"]
[BlackFideId "30966396"]
[WhiteElo "2552"]
[BlackElo "2561"]
[Result "1-0"]
[Round "06"]
[TimeControl "180+1"]
[Date "2022.11.09"]
[WhiteClock "0:00:35"]
[BlackClock "0:00:12"]

1. d4 Nf6 2. g4 Nxg4 3. e4 Nf6 4. e5 Nd5 5. c4 Nb6 6. c5 Nd5 7. Bg2 e6 8. Nc3 Nxc3 9. bxc3 d6 10. cxd6 cxd6 11. Nf3 Nc6 12. Bf4 Qa5 13. O-O Bd7 14. exd6 f6 15. c4 O-O-O 16. Rb1 Be8 17. c5 e5 18. Qb3 Qa6 19. dxe5 fxe5 20. Nxe5 Nd4 21. Bxb7+ 1-0


[Site "https://www.chess.com"]

[Event "Titled Tuesday Blitz November 08 Early 2022"]
[White "Garic, Radomir"]
[Black "Simonovic, Miroslav"]
[WhiteFideId "920959"]
[BlackFideId "919152"]
[WhiteElo "2227"]
[BlackElo "2043"]
[Result "1/2-1/2"]
[Round "06"]
[TimeControl "180+1"]
[Date "2022.11.09"]
[WhiteClock "0:00:01"]
[BlackClock "0:00:10"]

1. e4 c5 2. Nf3 Nc6 3. Bb5 g6 4. Bxc6 dxc6 5. d3 Bg7 6. h3 e5 7. Nc3 Ne7 8. Be3 b6 9. Qd2 h6 10. O-O Be6 11. Nh2 c4 12. f4 cxd3 13. cxd3 exf4 14. Rxf4 O-O 15. Ng4 f5 16. exf5 Nxf5 17. Raf1 h5 18. Nf2 Bh6 19. Rxf5 Rxf5 20. Bxh6 g5 21. Nce4 g4 22. Bg5 Qd4 23. Be3 Qd5 24. hxg4 hxg4 25. Nxg4 Rxf1+ 26. Kxf1 Qf5+ 27. Ngf2 Bxa2 28. Qc3 Rf8 29. Ke2 Bd5 30. Kd2 Rd8 31. Kc2 Kf7 32. Qa3 Rd7 33. Nd6+ Rxd6 34. Qxd6 Bxg2 35. Qc7+ Kg6 36. Qxa7 b5 37. Qb6 Bd5 38. Qd4 Qf3 39. Qg4+ Qxg4 40. Nxg4 Kf5 41. Nf2 Ke5 42. b4 Be6 43. Kc3 Bd5 44. Bc5 Kf4 45. Bd4 Kf3 46. Bb6 Ke2 47. Ng4 Bg8 48. Ne5 Bh7 49. Kd4 Bf5 50. Nxc6 Bxd3 51. Kc5 Bc4 52. Nd4+ Kd3 53. Nxb5 Bb3 54. Nd6 Ba4 55. Bd8 Kc2 56. Nc4 Kb3 57. Na5+ Ka3 58. Be7 Be8 59. b5 Bxb5 60. Kxb5+ Kb2 61. Kc4 Kc2 62. Bg5 Kd1 63. Nb3 Ke1 64. Kd3 Kf2 65. Bd2 Kg2 66. Nd4 Kh1 67. Ke2 Kg2 68. Be3 Kg3 69. Nf3 Kg2 70. Bf4 Kh3 71. Nd4 Kg2 72. Ke3 Kg1 73. Kf3 Kf1 74. Bh2 Ke1 75. Ke3 Kf1 76. Kf3 Ke1 1/2-1/2


[Site "https://www.chess.com"]

[Event "Titled Tuesday Blitz November 08 Early 2022"]
[White "Gheorghiu, Calin"]
[Black "Goltsev, Dmitry"]
[WhiteFideId "1200305"]
[BlackFideId "24176710"]
[WhiteElo "2225"]
[BlackElo "2289"]
[Result "0-1"]
[Round "06"]
[TimeControl "180+1"]
[Date "2022.11.09"]
[WhiteClock "0:00:24"]
[BlackClock "0:00:30"]

1. e4 e6 2. d4 d5 3. Nc3 c5 4. exd5 exd5 5. Nf3 Nf6 6. Bb5+ Nc6 7. O-O Be7 8. dxc5 Bxc5 9. Re1+ Be6 10. Bg5 O-O 11. Bxf6 Qxf6 12. Nxd5 Qxb2 13. Nc7 Rad8 14. Qe2 Bg4 15. Qc4 Bxf3 16. Qxc5 Bg4 17. Nd5 Nd4 18. Bd3 Be6 19. Ne7+ Kh8 20. Reb1 b6 21. Ng6+ hxg6 22. Qxf8+ Rxf8 23. Rxb2 Rc8 24. Re1 Rc5 25. h3 Rg5 26. Kh2 Bd5 27. Bf1 Ne6 28. Rb4 Rf5 29. f3 Nc5 30. Rh4+ Rh5 31. Rxh5+ gxh5 32. c4 Be6 33. Re5 g6 34. g4 hxg4 35. hxg4 Kg7 36. g5 Kf8 37. Kg3 Ke7 38. Bh3 Kd6 39. Re1 Bxc4 40. a3 a5 41. Re8 b5 42. Ra8 b4 43. axb4 axb4 44. f4 b3 45. Bg2 b2 46. Rb8 Bb3 47. Be4 Nxe4+ 0-1


[Site "https://www.chess.com"]

[Event "Titled Tuesday Blitz November 08 Early 2022"]
[White "Ginzburg, Yakov"]
[Black "Jiganchine, Roman"]
[WhiteFideId "4157176"]
[BlackFideId "2603667"]
[WhiteElo "2305"]
[BlackElo "2344"]
[Result "1-0"]
[Round "06"]
[TimeControl "180+1"]
[Date "2022.11.09"]
[WhiteClock "0:01:21"]
[BlackClock "0:01:24"]

1. e4 c6 2. d4 d5 3. Nc3 dxe4 4. Nxe4 Nf6 5. Nxf6+ exf6 6. Bc4 Bd6 7. Ne2 O-O 8. O-O Na6 9. Ng3 Nc7 10. Qh5 g6 11. Qh6 Re8 12. Bxf7+ Kxf7 13. Qxh7+ Ke6 14. Re1+ Kd5 15. Qf7+ Be6 16. Qxg6 Bxg3 17. hxg3 Rg8 18. Qe4+ Kd6 19. Bf4+ Kd7 20. Bxc7 Kxc7 21. Qxe6 Kb6 22. Qb3+ Ka6 23. Qc4+ Kb6 24. Qc5+ Ka6 25. Re3 1-0


[Site "https://www.chess.com"]

[Event "Titled Tuesday Blitz November 08 Early 2022"]
[White "Gokerkan, Cem Kaan"]
[Black "Gulevich, Artem"]
[WhiteFideId "6336760"]
[BlackFideId "24119580"]
[WhiteElo "2842"]
[BlackElo "2577"]
[Result "1-0"]
[Round "06"]
[TimeControl "180+1"]
[Date "2022.11.09"]
[WhiteClock "0:00:09"]
[BlackClock "0:00:04"]

1. e4 c5 2. c3 Nf6 3. e5 Nd5 4. d4 cxd4 5. Bc4 Nb6 6. Bb3 d5 7. cxd4 Nc6 8. Bc2 e6 9. Nc3 Bd7 10. h4 h6 11. h5 Rc8 12. Qg4 Nc4 13. Nge2 Qb6 14. O-O a6 15. Kh1 Nb4 16. Bb1 Nc6 17. b3 N4a5 18. Be3 Na7 19. f4 Nb5 20. Na4 Qd8 21. f5 Nc6 22. f6 gxf6 23. Rxf6 Ne7 24. Ng3 Rg8 25. Qf3 Nc3 26. Nc5 Nxb1 27. Rxb1 Nf5 28. Nxf5 Bxc5 29. Nxh6 Rg7 30. dxc5 Qe7 31. Rf1 1-0


[Site "https://www.chess.com"]